AoeStats
← Stop_Force-Pick_Civ_Pls

African Clearing

505845701Analyzed
4v4 RM · 21d ago on Sep 11, 2026· 61m 55s· 8 players
Game mode
Random Map
Map size
Large (8 player)
Population
200
Speed
Normal
Resources
Standard
Victory
Conquest
Starting age
Dark Age
Ending age
Imperial Age
RankedLock teamsTeams togetherTeam positionsShared explorationLock speedFull tech treeHidden civsTurbo modeCheats
Victory
Defeat
1365
+16
🇨🇳 Magyars · China
1301
+19
1290
+19
🇹🇼 Maya · Taiwan
1239
+40
🇦🇺 Goths · Australia
1400
-20
🇦🇺 Britons · Australia
1375
-19
🇦🇺 Spanish · Australia
1352
-19
🇦🇺 Teutons · Australia
1313
-17
Hbx_蒙古国海军司令
3:24 Loom
13:12 Feudal Age
15:35 Double-Bit Axe
17:27 Horse Collar
21:50 Castle Age
23:08 Bow Saw
24:47 Heavy Plow
29:44 Imperial Age
28:23 Wheelbarrow
29:26 Chemistry
28:52 Treadmill Crane
32:06 Conscription
34:29 Hand Cart
37:40 Siege Engineers
37:57 Ballistics
43:03 Houfnice
43:54 Wagenburg Tactics
47:05 Murder Holes
47:21 Masonry
48:47 Padded Archer Armor
48:50 Scale Mail Armor
49:01 Forging
51:52 Pikeman
52:32 Squires
52:18 Arson
53:22 Halberdier
55:49 Chain Mail Armor
56:12 Iron Casting
55:52 Leather Archer Armor
60:46 Elite Skirmisher
murphykuang0205
3:40 Loom
13:10 Feudal Age
17:39 Castle Age
15:50 Double-Bit Axe
17:11 Fletching
22:56 Gold Mining
23:31 Bow Saw
26:02 Town Watch
27:58 Wheelbarrow
28:09 Bodkin Arrow
29:52 Scale Mail Armor
30:02 Forging
29:19 Man-at-Arms
30:03 Squires
30:48 Eagle Warrior
33:56 Chain Mail Armor
34:52 Hand Cart
40:18 Imperial Age
40:23 Ballistics
41:01 Iron Casting
41:04 Bracer
42:09 Chemistry
43:20 Thumb Ring
43:22 Sappers
43:37 Elite Eagle Warrior
45:12 Plate Mail Armor
47:00 Pikeman
47:57 Stone Mining
49:31 Blast Furnace
49:16 Stone Shaft Mining
48:53 Halberdier
50:49 Arson
51:05 Padded Archer Armor
51:27 Conscription
52:56 Holcans
53:23 Leather Archer Armor
54:19 Town Patrol
57:32 Man-at-Arms
58:58 Guilds
61:18 Capped Ram
Stop_Force-Pick_Civ_Pls
4:40 Loom
15:23 Feudal Age
19:31 Castle Age
17:45 Scale Barding Armor
17:48 Horse Collar
18:31 Forging
18:34 Bloodlines
18:30 Double-Bit Axe
20:42 Bow Saw
30:03 Chain Barding Armor
32:04 Husbandry
35:02 Gold Mining
37:00 Iron Casting
39:04 Wheelbarrow
40:49 Hand Cart
40:36 Heavy Plow
42:05 Gold Shaft Mining
41:21 Stone Mining
45:42 Imperial Age
43:41 Stirrups
44:12 Fletching
46:02 Town Watch
46:14 Bodkin Arrow
47:13 Plate Barding Armor
47:01 Cavalier
48:18 Conscription
56:22 Bracer
57:45 Caravan
58:10 Ballistics
58:51 Chemistry
58:05 Masonry
58:59 Blast Furnace
半时
5:00 Loom
13:05 Feudal Age
17:54 Castle Age
16:27 Double-Bit Axe
19:16 Fletching
19:44 Bow Saw
27:29 Sanctity
29:54 Scale Barding Armor
36:29 Bodkin Arrow
39:26 Chain Barding Armor
38:56 Elite Skirmisher
42:03 Padded Archer Armor
45:23 Ballistics
49:47 Wheelbarrow
51:46 Horse Collar
52:31 Bloodlines
52:22 Husbandry
53:16 Thumb Ring
62:18 Bloodlines
Phenytoin
11:33 Loom
13:20 Feudal Age
17:02 Castle Age
15:11 Double-Bit Axe
15:07 Horse Collar
22:33 Bow Saw
23:53 Horse Collar
26:20 Padded Archer Armor
29:23 Leather Archer Armor
33:50 Husbandry
37:28 Imperial Age
39:05 Ring Archer Armor
39:19 Conscription
40:56 Inquisition
41:28 Elite Conquistador
41:50 Light Cavalry
42:41 Bloodlines
43:25 Hussar
44:11 Scale Barding Armor
44:17 Forging
44:51 Hoardings
44:36 Supremacy
46:13 Chain Barding Armor
46:29 Iron Casting
49:31 Fletching
51:20 Wheelbarrow
52:22 Bodkin Arrow
53:02 Plate Barding Armor
54:26 Blast Furnace
57:04 Gold Mining
58:31 Bracer
58:32 Stone Mining
59:43 Two-Man Saw
58:44 Heavy Plow
60:24 Ballistics
61:04 Chemistry
the_gray
8:26 Loom
14:25 Feudal Age
15:51 Double-Bit Axe
17:16 Horse Collar
22:15 Castle Age
22:42 Bloodlines
22:39 Scale Barding Armor
33:13 Chain Barding Armor
33:04 Forging
34:40 Wheelbarrow
37:26 Iron Casting
41:56 Imperial Age
39:43 Hand Cart
44:31 Cavalier
45:32 Capped Ram
45:41 Heavy Scorpion
47:49 Plate Barding Armor
49:41 Scale Mail Armor
50:46 Blast Furnace
52:11 Paladin
53:45 Ironclad
53:48 Conscription
60:20 Paladin
JuanWicko
3:41 Loom
13:57 Feudal Age
14:29 Town Watch
19:22 Castle Age
18:26 Fletching
18:48 Stone Mining
23:08 Double-Bit Axe
29:36 Scale Mail Armor
30:55 Bow Saw
34:10 Masonry
35:01 Squires
37:00 Chain Mail Armor
36:55 Forging
40:43 Horse Collar
41:46 Wheelbarrow
41:17 Herbal Medicine
42:57 Forging
44:30 Iron Casting
46:07 Hand Cart
45:35 Man-at-Arms
58:07 Bodkin Arrow
itodler
5:10 Loom
6:00 Loom
13:01 Feudal Age
17:08 Castle Age
15:35 Double-Bit Axe
24:47 Fletching
27:54 Bodkin Arrow
36:56 Imperial Age
37:10 Padded Archer Armor
37:48 Bracer
53:23 Town Watch
Connection lost

Rejoining the realm…

Still unreachable

The connection could not be restored.

Session expired

The server has moved on; the page needs a fresh start.